Map: Dusk Towers

Players

ReacH

  • Race: Protoss Protoss
  • League: Diamond

ArmaG - Winner!

  • Race: Zerg Zerg
  • League: Master

VOD

Have the link to the VOD?

Description

Time

  • Played on: March 10, 2016, 9:10 p.m.
  • Length: 11:28
Show
View Real Time Build Order
Export as new Build Order

ReacH Protoss 

Build Orders:  

Get SALT Encoding   

  12  0:03  Probe (Chrono Boost)  
  13  0:13  Probe (Chrono Boost)  
  14  0:19  Pylon  
  14  0:24  Probe (Chrono Boost)  
  15  0:37  Probe (Chrono Boost)  
  15  0:41  Gateway  
  16  0:47  Probe (Chrono Boost)  
  17  0:51  Assimilator  
  17  0:58  Probe (Chrono Boost)  
  18  1:08  Probe (Chrono Boost)  
  18  1:33  Cybernetics Core  
  18  1:39  Forge  
  18  1:41  Pylon  
  18  1:43  Probe (Chrono Boost)  
  18  1:46  Zealot (Chrono Boost)  
  21  1:55  Probe  
  21  1:56  Pylon  
  22  2:16  Mothership Core (Chrono Boost), Photon Cannon  
  24  2:29  Cybernetics Core  
  24  2:32  Adept (Chrono Boost)  
  26  2:40  Probe  
  27  2:50  Nexus  
  27  2:56  Probe, Assimilator  
  28  3:07  Adept (Chrono Boost)  
  28  3:10  Warp Gate  
  28  3:11  Probe  
  31  3:18  Pylon  
  31  3:23  Probe  
  32  3:31  Adept (Chrono Boost)  
  34  3:35  Probe  
  35  3:44  Stargate  
  35  3:48  Probe  
  36  3:55  Adept (Chrono Boost)  
  38  4:00  Probe x2  
  40  4:07  Protoss Ground Weapons Level 1  
  40  4:11  Probe  
  40  4:12  Probe  
  40  4:15  Pylon  
  42  4:21  Probe  
  44  4:24  Probe, Adept (Chrono Boost)  
  46  4:34  Oracle (Chrono Boost)  
  46  4:35  Probe  
  46  4:37  Probe  
  51  4:51  Adept  
  53  4:53  Probe  
  53  4:55  Probe  
  55  5:07  Phoenix (Chrono Boost)  
  57  5:15  Pylon  
  57  5:17  Pylon  
  57  5:27  Nexus  
  57  5:29  Phoenix (Chrono Boost)  
  57  5:34  Probe  
  60  5:46  Gateway  
  60  5:50  Gateway  
  60  5:51  Adept  
  60  5:54  Probe  
  63  6:02  Pylon  
  63  6:07  Probe  
  63  6:08  Probe  
  65  6:12  Gateway  
  65  6:14  Gateway  
  65  6:16  Pylon  
  65  6:23  Probe  
  65  6:24  Probe  
  65  6:32  Phoenix (Chrono Boost)  
  61  6:39  Probe  
  59  6:40  Probe  
  59  6:41  Adept  
  63  6:48  Robotics Facility x2  
  63  6:49  Probe  
  63  6:54  Phoenix (Chrono Boost)  
  66  6:57  Probe  
  67  7:03  Probe, Assimilator  
  67  7:04  Assimilator  
  67  7:08  Adept  
  70  7:09  Probe  
  71  7:17  Pylon, Twilight Council  
  71  7:30  Adept x3  
  75  7:47  Immortal (Chrono Boost)  
  71  7:51  Adept  
  71  7:52  Adept x2  
  75  8:05  Immortal (Chrono Boost), Pylon  
  75  8:12  Adept x2  
  70  8:13  Adept  
  71  8:28  Immortal (Chrono Boost)  
  65  8:34  Adept x2  
  65  8:35  Adept  
  71  8:46  Gateway  
  71  8:47  Gateway  
  69  8:50  Immortal (Chrono Boost)  
  69  8:55  Phoenix  
  79  9:12  Immortal (Chrono Boost)  
  79  9:23  Phoenix  
  81  9:25  Immortal (Chrono Boost)  
  81  9:29  Pylon x2  
  85  9:42  Pylon  
  85  9:48  Adept  
  87  9:55  Pylon  
  87  9:57  Phoenix  
  89  10:00  Nexus  
  89  10:06  Pylon  
  89  10:08  Adept x4  
  89  10:09  Pylon  
  97  10:20  Adept  
  68  10:29  Adept x3  
  67  10:36  Adept  
  67  10:41  Adept  
  61  11:02  Mothership Core  
  63  11:06  Stalker  
  63  11:07  Sentry  
  63  11:08  Stalker, Sentry  
  71  11:22  Adept  
Show
View Real Time Build Order
Export as new Build Order

ArmaG Zerg - Winner!

Build Orders: Pool First 

Get SALT Encoding   

  12  0:00  Drone  
  13  0:22  Spawning Pool  
  13  0:25  Drone  
  13  0:34  Overlord  
  13  0:38  Drone  
  14  0:47  Extractor  
  14  0:48  Drone  
  15  1:09  Zergling x6  
  18  1:20  Zergling x2  
  18  1:23  Hatchery  
  18  1:32  Drone  
  19  1:42  Drone  
  20  1:53  Hatchery  
  19  1:58  Drone  
  20  2:09  Queen  
  20  2:12  Extractor  
  21  2:23  Overlord  
  21  2:25  Drone  
  22  2:31  Overlord  
  22  2:42  Drone x2  
  24  2:44  Queen  
  24  2:50  Drone  
  27  2:56  Drone  
  28  3:02  Drone x2  
  30  3:06  Drone  
  31  3:14  Queen  
  33  3:20  Metabolic Boost  
  33  3:23  Drone  
  34  3:33  Drone x3  
  37  3:37  Drone x2  
  38  3:41  Drone  
  38  3:42  Drone  
  38  3:46  Drone  
  38  3:47  Drone  
  42  3:49  Drone  
  42  3:54  Drone x2  
  45  4:01  Overlord  
  45  4:03  Drone x2  
  47  4:13  Lair  
  47  4:14  Overlord  
  47  4:15  Drone x2  
  49  4:19  Drone  
  49  4:22  Roach Warren  
  49  4:25  Drone, Spore Crawler  
  49  4:29  Drone x2, Extractor  
  50  4:40  Drone x5  
  55  4:52  Drone x2  
  57  4:53  Drone  
  57  4:56  Drone x2, Extractor  
  57  4:59  Extractor, Spore Crawler  
  57  5:06  Drone  
  57  5:07  Drone x2  
  60  5:08  Overlord x3  
  60  5:10  Roach x3  
  60  5:11  Glial Reconstitution  
  60  5:13  Overseer  
  66  5:17  Overlord x2  
  65  5:31  Spore Crawler  
  65  5:35  Drone x2  
  66  5:37  Drone  
  66  5:38  Drone x11  
  78  5:50  Roach x3  
  78  5:52  Zergling x2  
  78  5:56  Roach x2  
  78  5:57  Hatchery  
  86  6:06  Queen  
  83  6:48  Roach  
  83  6:49  Roach x10  
  83  6:50  Zergling x2  
  83  6:51  Hydralisk Den  
  83  6:52  Overlord x4  
  83  6:53  Overlord x2  
  105  6:59  Overlord  
  105  7:06  Pneumatized Carapace  
  105  7:11  Zergling x12  
  111  7:19  Roach x8  
  111  7:21  Ravager  
  111  7:22  Ravager x3  
  131  7:25  Ravager  
  131  7:28  Zergling x2  
  131  7:29  Zergling x10  
  138  7:37  Zergling x6  
  138  7:39  Ravager  
  138  7:41  Zergling x4  
  139  7:46  Muscular Augments  
  139  7:49  Zergling x14  
  126  7:59  Roach x4  
  126  8:04  Ravager  
  125  8:06  Zergling x8  
  125  8:08  Ravager  
  127  8:13  Zergling x4  
  127  8:15  Hydralisk  
  127  8:16  Hydralisk  
  127  8:17  Zergling x14  
  133  8:21  Extractor  
  133  8:23  Ravager  
  133  8:26  Roach x3, Zergling x2  
  133  8:27  Zergling x2  
  136  8:29  Zergling x2  
  131  8:41  Hydralisk x3  
  131  8:47  Hydralisk  
  135  8:53  Drone  
  135  8:54  Drone x7  
  143  8:58  Extractor  
  143  9:01  Overlord x8  
  139  9:05  Hydralisk  
  141  9:12  Extractor  
  141  9:16  Extractor  
  139  9:22  Hydralisk x4  
  139  9:23  Hydralisk x3  
  149  9:33  Drone x6  
  155  9:41  Ravager x3  
  158  9:48  Hydralisk x4  
  158  9:50  Lurker Den  
  166  10:04  Spore Crawler  
  165  10:07  Zergling x2  
  165  10:08  Zergling x16  
  165  10:09  Hatchery  
  127  10:31  Zergling x2, Hydralisk  
  127  10:32  Zergling x20, Hydralisk x3  
  121  10:43  Hydralisk  
  121  10:44  Hydralisk x3  
  121  10:46  Zergling x6  
  132  10:59  Drone  
  132  11:00  Drone x6  
  139  11:07  Infestation Pit  
  138  11:11  Evolution Chamber  
  138  11:13  Evolution Chamber  
Tags
 
Add a new tag
Caveats
  • Supply blocks, unpowered buildings, or Contaminate may cause inaccurate times.
  • Supply counts are checked every 10 seconds.